 Dungeon Sprint DCSS version 0.31-a0-986-g5e6e4ef867 (webtiles) character file.

Game seed: 11791649057353302602

178 fozzywoppz the Trooper (level 5, -6/46 HPs)
             Began as a Demonspawn Berserker on Nov 9, 2023.
             Was a Priest of Trog.
             Mangled by a deep elf pyromancer
             ... wielding a +0 long sword of holy wrath
              (8 damage)
             ... in the Dungeon (Sprint III: "The Ten Rune Challenge").
             The game lasted 00:02:19 (231 turns).

fozzywoppz the Trooper (Demonspawn Berserker)        Turns: 231, Time: 00:02:20

Health: -6/46      AC:  3    Str: 19    XL:     5   Next: 32%
Magic:  5/5        EV: 14    Int:  8    God:    Trog [***...]
Gold:   34         SH:  0    Dex: 13    Spells: 4/4 levels left

rFire   . .          .
                       - Unarmed
rCold   . . .        (no shield)
rNeg    . . .        a - +0 animal skin
rPois   .            (no helmet)
rElec   .            h - +0 cloak
rCorr   .            (no gloves)
SInv    .            (no boots)
Will    .....        (no amulet)
Stlth   +            (no ring)
HPRegen 0.27/turn    (no ring)
MPRegen 0.09/turn

%: no teleportation
@: no status effects
A: hooves 2
a: Renounce Religion, Berserk, Trog's Hand


You were in the Dungeon.
You worshipped Trog.
Trog was most pleased with you.
You visited 1 branch You collected 34 gold pieces.

Inventory:

Armour
 a - a +0 animal skin (worn)
 h - a +0 cloak (worn)
Scrolls
 j - a scroll of poison
 l - a scroll of torment
Potions
 b - a potion of curing
 c - 3 potions of heal wounds
 d - a potion of haste
 e - 2 potions of magic
 f - a potion of berserk rage
 i - 2 potions of mutation
 m - a potion of might
 n - 2 potions of enlightenment


   Skills:
 + Level 6.2 Fighting
 - Level 5.0 Armour
 + Level 5.1 Dodging
 - Level 0.1 Stealth
 + Level 6.0 Unarmed Combat


You had 4 spell levels left.
You didn't know any spells.
Your spell library was empty.

Dungeon Overview and Level Annotations

Branches:
Dungeon (1/1)

Altars:
Kikubaaqudgha
Sif Muna
Vehumet


Innate Abilities, Weirdness & Mutations

You have hoof-like feet.


Message History

The deep elf pyromancer hits you with a +0 long sword of holy wrath.
You convulse.
The deep elf pyromancer mumbles some strange words.
The deep elf pyromancer blinks!
You feel yourself speed up.
The deep elf pyromancer casts a spell.
The fire elemental misses you.
There is a fountain of clear blue water here.
The fire elemental hits you. The fire elemental burns you!
The fire elemental misses you.
The deep elf pyromancer hits you with a +0 long sword of holy wrath!
You convulse!
There is an open door to the Ecumenical Temple here.
You hit the deep elf pyromancer but do no damage.
Your kick misses the deep elf pyromancer.
The fire elemental closely misses you.
The deep elf pyromancer closely misses you.
You feel the effects of Trog's Hand fading.
The deep elf pyromancer gestures wildly while chanting.
The fire elemental hits you. The fire elemental burns you!
The deep elf pyromancer misses you.
Okay, then.
You enter the shallow water.
Moving in this stuff is going to be slow.
The fire elemental hits you. The fire elemental burns you!
* * * LOW HITPOINT WARNING * * *
You recover from your berserk rage.
Your skin stops crawling.
You feel less strong-willed. The fire elemental barely misses you.
The fire elemental closely misses you. The fire elemental hits you.
* * * LOW HITPOINT WARNING * * *
The fire elemental burns you!
* * * LOW HITPOINT WARNING * * *
The fire elemental closely misses you.
Unknown command.
Blink to where?
Press: ? - help, Dir - move target
As you read the scroll of blinking, it crumbles to dust.
The deep elf pyromancer hits you with a +0 long sword of holy wrath!
You die...

▓▓▓▓▓▓▓▓▓▓ ▓▓▓ .#..'....♣♣
♣.##### .#..#.....♣ ♣.#___#
'####.....♣♣ ♣♣.#!..#
....#....~.♣ ♣..###'#+###+##
....#...~~.♣♣♣♣.#..........#
....#..~~~~♣°♣.e@.⌠........#
###†#..~≈≈§☼°E♣.#...######+#
..).#.~~≈~~E°...#.⌠.#
....#.~≈~~~.....#...#
....#.~~~.......#)###
#####...........#.::#
...).....÷......#___#
▓▓▓▓▓▓▓▓▓▓▓▓▓▓▓▓▓▓▓▓▓


You could see a deep elf pyromancer and 2 fire elementals.

Vanquished Creatures
  A water elemental (D)
  Crazy Yiuf (D)
  Jessica (D)
  An arcanist (D)
  A human (D)
  A kobold demonologist (D)
  2 endoplasms (D)
  A rat (D)
9 creatures vanquished.

Notes
Turn   | Place    | Note
-------+----------+-------------------------------------------
     0 | D        | fozzywoppz the Demonspawn Berserker began the quest for the
                  | Orb.
     0 | D        | Reached XP level 1. HP: 18/18 MP: 1/1
    13 | D        | Noticed Jessica
    22 | D        | Reached ** piety under Trog
    25 | D        | Killed Jessica
    26 | D        | Discovered your monstrous ancestry.
    26 | D        | Gained mutation: You have large cloven feet. [demonic
                  | ancestry]
    26 | D        | Reached XP level 2. HP: 25/25 MP: 2/2
    26 | D        | Gained mutation: You have hoof-like feet. [demonic
                  | ancestry]
    26 | D        | Reached XP level 3. HP: 30/30 MP: 3/3
    75 | D        | Noticed Crazy Yiuf
    86 | D        | Killed Crazy Yiuf
    87 | D        | Reached skill level 5 in Fighting
    87 | D        | Reached XP level 4. HP: 39/39 MP: 4/4
   144 | D        | Noticed a water elemental
   148 | D        | Killed a water elemental
   148 | D        | Reached *** piety under Trog
   149 | D        | Reached skill level 5 in Unarmed Combat
   184 | D        | Found a radiant altar of Vehumet.
   184 | D        | Found a shimmering blue altar of Sif Muna.
   184 | D        | Found an ancient bone altar of Kikubaaqudgha.
   184 | D        | Noticed an arcanist
   188 | D        | Killed an arcanist
   189 | D        | Reached XP level 5. HP: 46/46 MP: 5/5
   190 | D        | Noticed a ynoxinul
   193 | D        | Reached skill level 5 in Armour
   193 | D        | Reached skill level 5 in Dodging
   216 | D        | Noticed a deep elf pyromancer
   219 | D        | Noticed a fire elemental
   226 | D        | Noticed a fire elemental
   226 | D        | Noticed a fire elemental
   230 | D        | HP: 1/46 [fire elemental[a deep elf pyromancer] (9)]
   231 | D        | Mangled by a deep elf pyromancer

Illustrated notes

Levels and vault maps discovered:
D:        dungeon_sprint_mu [sprint_mu_entry_forest, sprint_mu_temple_rooms,
          sprint_mu_d1_horrors, sprint_mu_d2_genie, sprint_mu_d3_branching,
          sprint_mu_orc_legion, sprint_mu_elf_gauntlet, sprint_mu_hive_nellie,
          sprint_mu_lair_fedhas, sprint_mu_vaults_butterflies,
          sprint_mu_slime_circle, sprint_mu_shoals_archi,
          sprint_mu_snake_twists, sprint_mu_blade_basic, sprint_mu_crypt_lich,
          sprint_mu_tomb_spiral, sprint_mu_vestibule_basic,
          sprint_mu_gehenna_hellfire, sprint_mu_dis_giant,
          sprint_mu_tartarus_statrot, sprint_mu_cocytus_islands, sprint_mu_zot1]

Skill      XL: |  1  2  3  4  5 |
---------------+----------------+-----
Unarmed Combat | 4 5 6 |  6.0
Armour         | 3 4 5 |  5.0
Dodging        | 3 4 5 |  5.1
Fighting       | 4 5 6 |  6.2
Stealth        | |  0.1

Action                     |  1- 3 |  4- 6 || total
---------------------------+-------+-------++-------
  Melee: Unarmed           |    17 |    11 ||    28
         Kick              |     2 |     4 ||     6
         Punch             |     1 |       ||     1
 Invoke: Berserk           |     2 |     2 ||     4
         Trog's Hand       |       |     3 ||     3
    Use: Scroll            |       |     5 ||     5
   Stab: Sleeping          |     1 |       ||     1
 Armour: Animal skin       |     7 |    12 ||    19
  Dodge: Dodged            |     5 |    11 ||    16

Table legend: (Time is in decaauts)
 A = Elapsed time spent in this place.
 B = Non-inter-level travel time spent in this place.
 C = Inter-level travel time spent in this place.
 D = Time resting spent in this place.
 E = Time spent auto-exploring this place.
 F = Levels seen in this place.
 G = Mean time per level.
                   A        B        C        D        E       F      G
               +--------+--------+--------+--------+--------+-----+--------+
         Total |    265 |    265 |      0 |     55 |      0 |   1 |  265.0 |
       Dungeon |    265 |    265 |      0 |     55 |      0 |   1 |  265.0 |
               +--------+--------+--------+--------+--------+-----+--------+

Top non-repeatable levels by time:
       D: 265 daAuts
